[ PARTIDA AOE2 · #481471693 ]
Team RMPersas vs Huns
[ ANÁLISIS DE REPETICIÓN · EXTRAÍDO DE LA PARTIDA GRABADA ]
Feudal
—
Castillos
—
Imperial
—
| APM promedio | 20.4 |
| APM pico | 9 |
| eAPM promedio | 20.4 |
| Aldeanos / militares | 0 / 0 |
Feudal
—
Castillos
—
Imperial
—
| APM promedio | 34.0 |
| APM pico | 15 |
| eAPM promedio | 24.9 |
| Aldeanos / militares | 1 / 0 |
Foco
⚔️ 20.0% · 🌾 80.0%
Feudal
—
Castillos
—
Imperial
—
| APM promedio | 70.3 |
| APM pico | 31 |
| eAPM promedio | 27.2 |
| Aldeanos / militares | 4 / 0 |
Foco
⚔️ 11.1% · 🌾 88.9%
Feudal
—
Castillos
—
Imperial
—
| APM promedio | 65.8 |
| APM pico | 29 |
| eAPM promedio | 27.2 |
| Aldeanos / militares | 4 / 0 |
Foco
⚔️ 20.0% · 🌾 80.0%
Feudal
—
Castillos
—
Imperial
—
| APM promedio | 40.8 |
| APM pico | 18 |
| eAPM promedio | 22.7 |
| Aldeanos / militares | 5 / 0 |
Foco
⚔️ 0.0% · 🌾 100.0%
Feudal
—
Castillos
—
Imperial
—
| APM promedio | 63.5 |
| APM pico | 28 |
| eAPM promedio | 24.9 |
| Aldeanos / militares | 5 / 0 |
Foco
⚔️ 0.0% · 🌾 100.0%
Feudal
—
Castillos
—
Imperial
—
| APM promedio | 81.6 |
| APM pico | 36 |
| eAPM promedio | 36.3 |
| Aldeanos / militares | 5 / 0 |
Foco
⚔️ 0.0% · 🌾 100.0%
Feudal
—
Castillos
—
Imperial
—
| APM promedio | 70.3 |
| APM pico | 31 |
| eAPM promedio | 34.0 |
| Aldeanos / militares | 6 / 0 |
Foco
⚔️ 0.0% · 🌾 100.0%
Mapa de la partida
Recursos iniciales + cada clic de construcción. Líneas = muros · curvas = relieve. ◆ oro · ⬟ piedra · ● bayas · ✦ reliquia · ◌ hueco del cierre
Tu base
Base de Igalima
Base de JAGR | Rojnar
Base de JAGR fran
Base de Malanka
Base de JAGR_Soyuncacahuate
Base de Thorn
Base de JAGR | Mazzei10
Terreno inicial suavizado · ◌ = hueco del cierre detectado · pasá el cursor para detalles
Inputs por minuto
— Poeta Violento IX - - Igalima
Build order — Poeta Violento IX
0 acciones detectadas en el replay
Build order — Igalima
2 acciones detectadas en el replay
| 0:03 | Crear | Villager (Male) |
| 0:05 | Construir | House |
Build order — JAGR | Rojnar
6 acciones detectadas en el replay
| 0:02 | Crear | Villager (Male) |
| 0:02 | Crear | Villager (Male) |
| 0:03 | Construir | House |
| 0:04 | Construir | House |
| 0:12 | Crear | Villager (Male) |
| 0:12 | Crear | Villager (Male) |
Build order — JAGR fran
4 acciones detectadas en el replay
| 0:03 | Crear | Villager (Male) |
| 0:03 | Crear | Villager (Male) |
| 0:03 | Crear | Villager (Male) |
| 0:04 | Crear | Villager (Male) |
Build order — Malanka
7 acciones detectadas en el replay
| 0:01 | Crear | Villager (Male) |
| 0:01 | Crear | Villager (Male) |
| 0:02 | Crear | Villager (Male) |
| 0:02 | Crear | Villager (Male) |
| 0:02 | Crear | Villager (Male) |
| 0:04 | Construir | House |
| 0:06 | Construir | House |
Build order — JAGR_Soyuncacahuate
7 acciones detectadas en el replay
| 0:04 | Construir | House |
| 0:05 | Construir | House |
| 0:06 | Crear | Villager (Male) |
| 0:06 | Crear | Villager (Male) |
| 0:06 | Crear | Villager (Male) |
| 0:06 | Crear | Villager (Male) |
| 0:07 | Crear | Villager (Male) |
Build order — Thorn
7 acciones detectadas en el replay
| 0:01 | Crear | Villager (Male) |
| 0:02 | Crear | Villager (Male) |
| 0:02 | Crear | Villager (Male) |
| 0:04 | Construir | House |
| 0:05 | Construir | House |
| 0:12 | Crear | Villager (Male) |
| 0:13 | Crear | Villager (Male) |
Build order — JAGR | Mazzei10
8 acciones detectadas en el replay
| 0:02 | Crear | Villager (Male) |
| 0:02 | Crear | Villager (Male) |
| 0:03 | Crear | Villager (Male) |
| 0:03 | Crear | Villager (Male) |
| 0:03 | Crear | Villager (Male) |
| 0:03 | Crear | Villager (Male) |
| 0:06 | Construir | House |
| 0:08 | Construir | House |
Cronología de la partida
| 0:01 | Poeta Violento IX · resign |
[ ANÁLISIS IA · 1 CRÉDITO ]
¿Qué pasó realmente en esta partida?
Wolo.gg analiza cada decisión: build order, eco, micro, errores típicos por bracket. Análisis personalizado por WhatsApp o Discord en 30 segundos.
Guía civ
Persas
Guía mapa
Arena
Perfil
Jugador #2949021